 Dungeon Crawl Stone Soup version 0.21.0-3-g78d12a8 (webtiles) character file.

1627196 inmateoo the Phalangite (level 27, 208/221 HPs)
             Began as a Hill Orc Gladiator on Jan 17, 2018.
             Was the Champion of Beogh.
             Escaped with the Orb
             ... and 3 runes!
             The game lasted 02:37:56 (74682 turns).

inmateoo the Phalangite (Hill Orc Gladiator)       Turns: 74682, Time: 02:37:57

Health: 208/221    AC: 36    Str: 36    XL:     27
Magic:  37/46      EV: 28    Int: 13    God:    Beogh [******]
Gold:   597        SH: 19    Dex: 22    Spells: 21/46 levels left

rFire    + + +     SeeInvis +   o - +18 lance "Wyrmbane" {slay drac, rPois rF+ rC+ AC+3}
rCold    + + +     Gourm    .   Z - +3 shield {rN+}
rNeg     + + .     Faith    .   n - +10 chain mail of the Kettle-Drum {Slay+2}
rPois    +         Spirit   .   e - -2 hat of the Alchemist {rElec rPois rF+ rC+ rN+ MR+ rMut rCorr}
rElec    +         Reflect  .   Y - +2 cloak {MR+}
rCorr    +         Harm     .   X - +2 pair of gloves {Str+3}
rMut     +         Clarity  +   D - +2 pair of boots {run}
MR       +++++                  z - amulet "Nethed" {+Rage Dex+5}
Stlth    ..........             l - ring of see invisible
HPRegen  1.46/turn              G - ring "Mihua" {rCorr rF+ MR+ MP+9 Stlth-}
MPRegen  0.30/turn

@: mighty, brilliant, agile, swift, resistant, singing, regenerating, hasted,
studying Dodging, deflect missiles, very quick
A: walk on water, hooves 1, clarity, frail 1, poison resistance, weak 1
0: Orb of Zot
}: 3/15 runes: serpentine, barnacled, abyssal
a: Smiting, Recall Orcish Followers, Give Item to Named Follower, Resurrection,
Renounce Religion, Evoke Berserk Rage


You escaped.
You worshipped Beogh.
Beogh was exalted by your worship.
You were full.

You visited 8 branches of the dungeon, and saw 46 of its levels.
You visited the Abyss 1 time.
You visited 2 bazaars.
You also visited: Sewer and Volcano.

You collected 6282 gold pieces.
You spent 5685 gold pieces at shops.

Inventory:

Hand Weapons
 o - the +18 lance "Wyrmbane" (weapon) {slay drac, rPois rF+ rC+ AC+3}
   (You bought it in a shop in a bazaar)

   It affects your AC (+3).
   It protects you from fire.
   It protects you from cold.
   It protects you from poison.
Missiles
 d - 19 throwing nets (quivered)
Armour
 e - the -2 hat of the Alchemist (worn) {rElec rPois rF+ rC+ rN+ MR+ rMut rCorr}
   (You bought it in a shop on level 3 of the Vaults)

   It protects you from fire.
   It protects you from cold.
   It insulates you from electricity.
   It protects you from poison.
   It protects you from negative energy.
   It affects your resistance to hostile enchantments.
   It protects you from acid and corrosion.
   It protects you from mutation.
 n - the +10 chain mail of the Kettle-Drum (worn) {Slay+2}
   (You bought it in a shop on level 3 of the Vaults)

   It affects your accuracy and damage with ranged weapons and melee attacks
   (+2).
 D - a +2 pair of boots of running (worn)
 X - a +2 pair of gloves of strength (worn)
 Y - a +2 cloak of magic resistance (worn)
 Z - a +3 shield of positive energy (worn)
Jewellery
 c - a +3 ring of slaying
 l - a ring of see invisible (left hand)
 z - the amulet "Nethed" (around neck) {+Rage Dex+5}
   (You took it off an orc knight on level 1 of the Vaults)

   [amulet of rage]

   It affects your dexterity (+5).
   It lets you go berserk.
 G - the ring "Mihua" (right hand) {rCorr rF+ MR+ MP+9 Stlth-}
   (You found it on level 6 of the Lair of Beasts)

   [ring of resist corrosion]

   It protects you from fire.
   It affects your resistance to hostile enchantments.
   It affects your magic capacity (+9).
   It makes you less stealthy.
 P - an uncursed ring of protection from magic {unknown}
Wands
 h - a wand of polymorph (31)
 r - a wand of acid (22)
 x - a wand of flame (104)
 y - a wand of paralysis (57)
 B - a wand of random effects (122)
 H - a wand of enslavement (41)
 K - a wand of iceblast (34)
 V - a wand of digging (38)
 W - a wand of scattershot (7)
Scrolls
 a - 3 scrolls of enchant weapon
 q - 14 scrolls of amnesia
 t - 17 scrolls of teleportation
 u - a scroll of magic mapping
 w - 3 scrolls of holy word
 A - 12 scrolls of fear
 C - 4 scrolls of blinking
 F - a scroll of brand weapon
 I - 5 scrolls of fog
 J - 20 scrolls of remove curse
 L - 24 scrolls of identify
 U - 2 scrolls of silence
Potions
 b - 16 potions of curing
 g - 8 potions of magic
 i - 2 potions of cancellation
 k - 8 potions of flight
 m - 3 potions of agility
 p - 4 potions of brilliance
 s - 2 potions of mutation
 v - 4 potions of resistance
 E - 5 potions of ambrosia
 M - a potion of heal wounds
 N - a potion of haste
 O - 6 potions of lignification
Books
 j - a book of Debilitation

   Spells                             Type                      Level
   a - Corona                         Hexes                        1
   b - Slow                           Hexes                        2
   c - Inner Flame                    Hexes/Fire                   3
   d - Portal Projectile              Hexes/Translocation          3
   e - Cause Fear                     Hexes                        4
   f - Leda's Liquefaction            Hexes/Earth                  4
 Q - a manual of Dodging
Miscellaneous
 S - a phial of floods
Comestibles
 f - 13 rations


   Skills:
 - Level 20.0 Fighting
 - Level 26.0 Polearms
 - Level 1.7 Throwing
 - Level 18.0 Armour
 - Level 16.0 Dodging
 - Level 15.0 Shields
 - Level 10.0 Spellcasting
 - Level 8.0 Hexes
 - Level 12.0 Charms
 - Level 10.0 Necromancy
 - Level 10.0 Air Magic
 * Level 18.6 Invocations


You had 21 spell levels left.
You knew the following spells:

 Your Spells              Type           Power        Failure   Level  Hunger
a - Regeneration          Chrm/Necr      #####.....   1%          3    #......
b - Swiftness             Chrm/Air       #####...     1%          2    None
c - Passwall              Tmut/Erth      ##........   4%          2    None
d - Deflect Missiles      Chrm/Air       #####.....   5%          6    ######.
e - Spectral Weapon       Hex/Chrm       #####...     1%          3    #......
f - Borgnjor's Vile Clut  Necr/Erth      ####......   11%         5    #####..
g - Song of Slaying       Chrm           #####...     1%          2    None
h - Blink                 Tloc           N/A          4%          2    None


Dungeon Overview and Level Annotations

Branches:
Dungeon (15/15)            Temple (0/1) D:7            Lair (6/6) D:10
 Shoals (4/4) Lair:4        Snake (4/4) Lair:3        Slime (0/5) Lair:6
    Orc (2/2) D:9             Elf (0/3) Orc:2        Vaults (5/5) D:14
  Crypt (0/3) Vaults:2     Depths (5/5) D:15            Zot (5/5) Depths:5

Altars:
Ashenzari
Dithmenos
Elyvilon
Gozag
Hepliaklqana
Kikubaaqudgha
Makhleb
Nemelex Xobeh
Okawaru
Qazlal
Ru
Trog
Vehumet
Wu Jian
Xom
Yredelemnul
The Shining One
Beogh

Shops:
D:4 ?   Orc:2 ?*}%   Shoals:4 (   Snake:1 ?   Snake:3 *[   Vaults:1 %}
Vaults:2 %   Vaults:3 [%%![   Depths:4 (

Portals:
Hell: Depths:1 Depths:2 Depths:3 Depths:4 Depths:5
Abyss: Depths:3 Depths:4
Pandemonium: Depths:3
Ziggurat: Depths:4
Trove: D:11 (give +3 shadow dragon scales)

Annotations:
Lair:1 exclusion: 2 oklob plants


Innate Abilities, Weirdness & Mutations

You can walk on water.
You have large cloven feet.
You possess an exceptional clarity of mind.
You are frail. (-10% HP)
Your system is resistant to poisons. (rPois)
You are weak. (Str -2)


Message History

Your orc wizard is recalled.
Casting: Spectral Weapon
Confirm with . or Enter, or press ? or * to list all spells.
You start singing a song of slaying.
Your orc knight is recalled.
Your orc warrior is recalled.
Beowulf hits the smoke demon with a glaive!!
The smoke demon gestures at you. Something smites you!
Casting: Song of Slaying
Confirm with . or Enter, or press ? or * to list all spells.
Okay, then.
Okay, then.
Morun is recalled.
The smoke demon hits Beowulf but does no damage.
The smoke demon closely misses Beowulf.
The smoke demon hits Beowulf but does no damage.
Ortolf hits the smoke demon from afar with a glaive!!
The smoke demon dies!
Beogh accepts your kill.
You have escaped!

# #.# #.##...# # #.# ##.##.#.#
####.##############3#####.#
...#.......(.....X.1......#
.###...######...X..######.# .#
#.........ooooooo......# .#
#...##..##oooooo##..##.# .#
#.........ooooooo......#######
.#
##########.#o@##########......
.### ###### #.######### .#.##
#.##....... ....#
###############.##.######
[#.## #...............##.#
#... ##.#
####.################.# #.##
#.# #....# #.# #.# #.# #.####
#.# #.# ##.###.######
####.###.#


You could see an Executioner, 2 large abominations, a smoke demon, the friendly
Boderik the orc warlord, the friendly Bogdar the orc warlord, the friendly
Borgoth the orc warlord, the friendly Nordag the orc warlord, the friendly
Olfrun the orc warlord, the friendly Orbeogh the orc warlord, the friendly Worak
the orc warlord, 4 friendly orc knights, the friendly Beowulf the orc knight,
the friendly Boruk the orc knight, the friendly Ortolf the orc knight, 2
friendly orc sorcerers, a friendly orc warrior, a friendly orc priest, the
friendly Morun the orc priest, the friendly Ogrik the orc priest and a friendly
orc wizard.

Vanquished Creatures
  4 ancient liches
  7 orbs of fire
  A juggernaut (Depths:4)
  Sojobo (D:15)
  Margery (Vaults:3)
  9 caustic shrikes
  Frederick (Depths:2)
  Bai Suzhen (Vaults:4)
  2 shard shrikes (Zot:4)
  4 Killer Klowns
  2 curse toes
  11 golden dragons
  A bone dragon (Abyss:1)
  Jorgrun (Snake:4)
  19 tentacled monstrosities
  5 electric golems
  A Tzitzimitl (D:5)
  11 liches
  23 Orb Guardians
  2 titans
  6 quicksilver dragons
  11 death cobs
  2 Executioners
  Frances (D:13)
  2 krakens
  5 sphinxes
  Kirke (Lair:4)
  4 shadow dragons
  3 tengu reavers
  20 storm dragons
  10 draconian monks
  2 nagarajas
  Ilsuiw (Shoals:4)
  6 draconian knights
  A deep elf sorcerer (Depths:5)
  Louise (Depths:3)
  15 frost giants
  7 fire giants
  2 iron dragons (Depths:4)
  7 draconian scorchers
  4 vault wardens
  A ghoul (Vaults:3)
  3 ghost moths
  2 deep elf elementalists
  8 draconian shifters
  A juggernaut zombie (Depths:3)
  10 draconian annihilators
  5 draconian stormcallers
  4 ironheart preservers
  A caustic shrike skeleton (Depths:4)
  7 very ugly things
  4 spriggan defenders
  7 vampire knights
  14 stone giants
  18 black draconians
  15 white draconians
  14 green draconians
  8 purple draconians
  19 red draconians
  2 deep elf annihilators
  5 spark wasps
  7 merfolk javelineers (Shoals:4)
  15 yellow draconians
  A deep elf death mage (Vaults:4)
  11 merfolk impalers
  9 ettins
  11 yaktaur captains
  15 fire dragons
  2 jiangshi (Depths:2)
  2 vault guards
  4 great orbs of eyes
  19 ice dragons
  12 hydras
  A catoblepas (Lair:6)
  3 naga warriors
  7 rakshasas
  A hell beast (Zot:5)
  6 spriggan air magi
  2 merfolk aquamancers
  2 alligator snapping turtles (Shoals:4)
  3 centaur warriors
  9 merfolk avatars
  4 anacondas
  23 two-headed ogres
  2 dancing weapons (Zot:3)
  11 deep troll shamans
  3 death yaks
  5 tengu warriors
  5 satyrs
  9 deep troll earth magi
  2 naga sharpshooters
  5 spriggan berserkers
  A vampire mage (Depths:2)
  A shock serpent (shapeshifter) (Depths:3)
  2 soul eaters
  3 shock serpents
  9 ogre magi
  A sun demon (D:7)
  4 spriggans
  A wretched star (Abyss:3)
  Nergalle (D:10)
  4 deep elf knights
  4 iron trolls
  2 shadow wraiths (Vaults:4)
  A sixfirhy (D:13)
  4 unseen horrors
  13 hell knights
  23 deep trolls
  A golden dragon zombie (Depths:3)
  An unseen horror (shapeshifter) (Vaults:4)
  A skeletal warrior (Vaults:2)
  6 sea snakes
  9 glowing orange brains
  8 wizards
  A shadow demon (D:6)
  11 harpies
  2 orange crystal statues (Abyss:3)
  3 deep elf archers
  6 flayed ghosts
  7 ironbrand convokers
  2 lindwurms (Lair:6)
  4 orc knights
  An iron dragon zombie (Depths:3)
  A mana viper (shapeshifter) (Depths:3)
  5 mana vipers
  34 ugly things
  2 sphinx zombies
  6 necromancers
  2 phantasmal warriors (Depths:3)
  12 manticores
  6 fauns
  25 moths of wrath
  A sphinx skeleton (Depths:4)
  5 cyclopes
  11 deep elf magi
  9 water nymphs
  Maurice (D:13)
  2 salamanders (Snake:3)
  5 merfolk sirens
  11 naga magi
  19 black mambas
  6 vault sentinels
  A fire giant skeleton (Abyss:1)
  An eye of devastation (Abyss:1)
  3 centaur zombies
  A guardian serpent (Abyss:1)
  A torpor snail (Lair:6)
  An orange demon (D:14)
  A rust devil (D:5)
  5 gargoyles
  A smoke demon (Abyss:1)
  A yaktaur zombie (Depths:1)
  A kobold demonologist (D:14)
  4 rime drakes
  7 spiny frogs
  3 ancient zymes
  5 freezing wraiths
  An ice devil (D:10)
  2 demonic crawlers
  A komodo dragon (shapeshifter) (Vaults:4)
  12 komodo dragons
  20 yaktaurs
  4 hellwings
  8 tengu conjurers
  4 trolls
  A polar bear (shapeshifter) (Vaults:2)
  3 meliai (D:15)
  22 merfolk
  2 meliai (shapeshifter)
  4 wind drakes
  A sphinx simulacrum (Depths:1)
  7 blink frogs
  A blink frog (shapeshifter) (Depths:2)
  A hippogriff (shapeshifter) (Depths:4)
  19 slime creatures
  6 hornets
  7 snapping turtles
  9 hippogriffs
  6 dream sheep (Shoals:4)
  5 air elementals
  2 shadows
  2 wraiths
  A tarantella (shapeshifter) (Vaults:3)
  9 humans (D:14)
  A wyvern (D:11)
  19 yaks
  20 water elementals
  A hungry ghost (D:8)
  3 basilisks
  4 neqoxecs
  A fire elemental (Depths:4)
  An elf skeleton (Depths:4)
  Menkaure (D:7)
  A human zombie (Depths:3)
  7 vampire mosquitoes
  An insubstantial wisp (Abyss:1)
  4 wargs
  A soldier ant (D:10)
  15 nagas
  3 acid dragons
  4 large abominations
  8 orc warriors
  6 water moccasins
  6 sky beasts
  A floating eye (shapeshifter) (Depths:2)
  5 hell hounds (Abyss:2)
  6 porcupines
  A hornet zombie (D:15)
  6 ice beasts
  Purgy (Sewer)
  2 black bears
  An eye of draining (D:9)
  A swamp drake (shapeshifter) (Vaults:1)
  2 wolves
  An eye of draining (shapeshifter) (Vaults:2)
  A necrophage (D:10)
  2 phantoms
  26 boggarts
  22 ogres
  22 centaurs
  10 crocodiles
  A big kobold (D:9)
  14 bullfrogs
  A glowing shapeshifter simulacrum (Vaults:4)
  A water moccasin zombie (D:5)
  2 scorpions
  3 electric eels
  8 crimson imps
  2 bullfrog zombies
  5 orc priests
  Crazy Yiuf (D:3)
  A gnoll shaman (D:6)
  7 hounds
  An iron imp (Abyss:3)
  A jelly (D:11)
  2 bullfrog skeletons
  4 centaur skeletons
  An iguana (D:9)
  9 orc wizards
  9 worker ants
  3 killer bee zombies
  4 small abominations (Abyss:1)
  3 hound skeletons
  Robin (D:2)
  14 adders
  12 gnolls
  4 shadow imps
  12 white imps (Lair:6)
  An adder skeleton (D:6)
  5 worms
  A dart slug (D:1)
  9 leopard geckos
  23 orcs
  3 ball pythons
  10 bats
  11 giant cockroaches
  2 gnoll zombies (D:2)
  11 goblins
  11 hobgoblins
  5 jackals
  10 kobolds
  7 quokkas
  5 frilled lizards
  A jackal skeleton (D:4)
  A quokka zombie (D:7)
  5 rats
  A plant (Shoals:4)
  8 tentacles
1546 creatures vanquished.

Vanquished Creatures (collateral kills)
  A pandemonium lord (Zot:1)
  An orb of fire (Zot:5)
  A caustic shrike (Depths:4)
  Vashnia (Snake:3)
  Nikola (Snake:4)
  A golden dragon (Zot:4)
  Asterion (Snake:4)
  A lich (Vaults:2)
  An Orb Guardian (Zot:5)
  A Hell Sentinel (Zot:1)
  A sphinx (Depths:3)
  Agnes (Snake:3)
  A storm dragon (Zot:4)
  Roxanne (Snake:3)
  2 tengu reavers
  2 fire giants
  8 nagarajas
  A frost giant (Depths:4)
  A draconian scorcher (Zot:5)
  2 vault wardens (Vaults:2)
  Aizul (Snake:3)
  4 ironheart preservers
  3 very ugly things
  4 stone giants
  A yellow draconian (Depths:5)
  A deep elf annihilator (Vaults:2)
  A spark wasp (Depths:3)
  A red draconian (Zot:3)
  An ettin (Depths:4)
  A purple draconian (Depths:5)
  2 fire dragons
  A deep elf high priest (Depths:5)
  3 yaktaur captains
  3 ice dragons
  2 vault guards
  A hydra (Lair:3)
  12 naga warriors
  A death knight (Vaults:3)
  4 anacondas
  6 centaur warriors
  A deep troll shaman (Depths:3)
  An ogre mage (Vaults:2)
  4 two-headed ogres
  3 shock serpents
  3 deep troll earth magi
  10 naga sharpshooters
  A storm dragon zombie (Vaults:4)
  A deep elf knight (Vaults:2)
  5 hell knights
  An iron troll (Depths:3)
  2 deep elf archers (Vaults:2)
  An unseen horror (D:14)
  5 deep trolls
  4 naga ritualists
  3 deep elf magi
  3 necromancers
  6 ironbrand convokers
  9 orc knights
  4 mana vipers
  2 wolf spiders (Vaults:1)
  7 ugly things
  4 cyclopes
  4 salamanders
  2 moths of wrath
  A manticore (D:15)
  17 black mambas
  A cyclops (shapeshifter) (Vaults:3)
  A vault sentinel (Vaults:2)
  2 centaur zombies (D:14)
  A human skeleton (Vaults:4)
  An orange demon (Zot:1)
  A guardian serpent (Snake:2)
  2 centaur skeletons
  20 naga magi
  A smoke demon (D:1)
  A rime drake (Lair:3)
  2 freezing wraiths (Vaults:3)
  7 yaktaurs
  A komodo dragon (Lair:3)
  A tengu conjurer (Depths:1)
  3 trolls
  3 meliai (D:14)
  A hornet (Vaults:2)
  A merfolk (Shoals:1)
  3 hippogriffs
  A spriggan (shapeshifter) (Vaults:1)
  2 yaks (D:14)
  A wraith (D:15)
  A water elemental (Depths:5)
  9 humans (D:14)
  A fire bat (shapeshifter) (Vaults:1)
  4 vampire mosquitoes
  A yaktaur simulacrum (Vaults:2)
  An acid dragon (Vaults:1)
  4 wargs
  28 nagas
  A water moccasin (Lair:3)
  A deep troll skeleton (Vaults:4)
  22 orc warriors
  8 ogres
  8 centaurs
  5 boggarts (Vaults:3)
  2 crocodiles
  A bullfrog (Lair:3)
  2 crimson imps (D:15)
  A human simulacrum (Vaults:2)
  An orc priest (Orc:2)
  A jelly (D:15)
  3 orc wizards
  An iron imp (D:7)
  A hound skeleton (D:8)
  A gnoll (Orc:1)
  A shadow imp (D:15)
  12 orcs
  A fungus (Lair:4)
  A plant (Lair:4)
367 creatures vanquished.

Vanquished Creatures (others)
  An ancient lich (Zot:5)
  2 orc warlords (Zot:5)
  A fire giant (Depths:2)
  A hell beast (Zot:1)
  2 orc sorcerers
  A spriggan air mage (Depths:3)
  16 orc knights
  A wizard (Vaults:2)
  34 orc warriors
  A moth of wrath (Zot:5)
  A naga mage (Snake:4)
  A black mamba (Lair:6)
  A spiny frog (Lair:6)
  A hornet (Depths:5)
  An air elemental (Depths:3)
  2 spriggans (Depths:5)
  A naga (Snake:2)
  A boggart (Depths:3)
  24 orc priests
  15 orc wizards
  73 orcs
  5 bushes (D:15)
  9 fungi
  17 plants
  103 spectral weapons
  18 tentacles
333 creatures vanquished.

Grand Total: 2246 creatures vanquished

Notes
Turn   | Place    | Note
-------+----------+-------------------------------------------
     0 | D:1      | inmateoo the Hill Orc Gladiator began the quest for the Orb.
     0 | D:1      | Reached XP level 1. HP: 18/18 MP: 1/1
   107 | D:1      | Reached XP level 2. HP: 21/25 MP: 2/2
   351 | D:1      | Reached skill level 1 in Armour
   436 | D:1      | Reached XP level 3. HP: 30/30 MP: 3/3
   833 | D:2      | Found a basalt altar of Yredelemnul.
   854 | D:2      | Reached skill level 4 in Polearms
   856 | D:2      | Noticed Robin
   869 | D:2      | Killed Robin
   886 | D:2      | Reached XP level 4. HP: 31/38 MP: 4/4
  1322 | D:2      | Found a glowing golden altar of the Shining One.
  1771 | D:3      | Noticed a bullfrog
  1776 | D:3      | Killed a bullfrog
  1776 | D:3      | Reached XP level 5. HP: 45/45 MP: 5/5
  1968 | D:3      | Found a burning altar of Makhleb.
  2114 | D:3      | Reached skill level 5 in Polearms
  2274 | D:3      | Found an opulent altar of Gozag.
  2614 | D:3      | Found a runed door.
  2625 | D:3      | Noticed Crazy Yiuf
  2633 | D:3      | Killed Crazy Yiuf
  2633 | D:3      | Reached XP level 6. HP: 43/52 MP: 6/6
  3040 | D:4      | Found Cesahij's Magic Scroll Boutique.
  3048 | D:4      | Bought a scroll of identify for 20 gold pieces
  3048 | D:4      | Bought a scroll of identify for 20 gold pieces
  3166 | D:4      | Found a shattered altar of Ashenzari.
  3168 | D:4      | Found a hazy altar of Hepliaklqana.
  3168 | D:4      | Found a shimmering altar of Xom.
  3170 | D:4      | Found a shadowy altar of Dithmenos.
  3170 | D:4      | Found a shimmering altar of Xom.
  3170 | D:4      | Found a sacrificial altar of Ru.
  3212 | D:4      | Found a shattered altar of Ashenzari.
  3264 | D:5      | Entered Level 5 of the Dungeon
  3287 | D:5      | Reached skill level 6 in Polearms
  3287 | D:5      | Reached XP level 7. HP: 29/60 MP: 7/7
  4154 | D:5      | Found a sparkling altar of Nemelex Xobeh.
  4163 | D:5      | Found an ancient bone altar of Kikubaaqudgha.
  4285 | D:5      | Reached skill level 5 in Fighting
  4424 | D:6      | Reached XP level 8. HP: 55/68 MP: 8/8
  4447 | D:6      | Reached skill level 7 in Polearms
  4866 | D:6      | Found a glowing drain.
  4870 | Sewer    | Entered a sewer
  4937 | Sewer    | Noticed Purgy
  4955 | Sewer    | Killed Purgy
  5165 | D:6      | Found a sacrificial altar of Ru.
  5343 | D:6      | Found an iron altar of Okawaru.
  5394 | D:6      | Reached skill level 8 in Polearms
  5399 | D:6      | Reached skill level 5 in Armour
  5536 | D:7      | Found a staircase to the Ecumenical Temple.
  5665 | D:7      | Reached XP level 9. HP: 75/78 MP: 9/9
  5738 | D:7      | Found a white marble altar of Elyvilon.
  5948 | D:7      | Noticed Menkaure
  5955 | D:7      | Killed Menkaure
  5955 | D:7      | Reached skill level 5 in Dodging
  6255 | D:7      | Reached skill level 9 in Polearms
  6841 | D:8      | Reached skill level 10 in Polearms
  6858 | D:8      | Noticed a two-headed ogre
  6877 | D:8      | Killed a two-headed ogre
  6877 | D:8      | Reached XP level 10. HP: 88/88 MP: 10/10
  7461 | D:9      | Found a stormy altar of Qazlal.
  7656 | D:9      | Found a hazy altar of Hepliaklqana.
  7689 | D:9      | Found a staircase to the Orcish Mines.
  7692 | D:9      | Found an ornate altar of the Wu Jian Council.
  7787 | Orc:1    | Entered Level 1 of the Orcish Mines
  7787 | Orc:1    | Noticed a cyclops
  7788 | Orc:1    | Became a worshipper of Beogh the Brigand
  7969 | D:9      | Reached skill level 11 in Polearms
  8186 | D:10     | Entered Level 10 of the Dungeon
  8605 | D:10     | Found a staircase to the Lair.
  8982 | D:10     | Noticed Nergalle
  8994 | D:10     | Noticed a spectral orc warlord
  9006 | D:10     | Killed Nergalle
  9006 | D:10     | Reached XP level 11. HP: 97/97 MP: 11/11
  9395 | D:11     | Noticed a cyclops
  9416 | D:11     | Killed a cyclops
  9480 | D:11     | Reached skill level 12 in Polearms
  9562 | D:11     | Noticed a deep elf mage
  9572 | D:11     | Killed a deep elf mage
 10317 | D:11     | Reached * piety under Beogh
 10439 | D:11     | Found a portal to a secret trove of treasure.
 11005 | D:12     | Noticed a six-headed hydra
 11020 | D:12     | Killed a six-headed hydra
 11020 | D:12     | Reached skill level 10 in Fighting
 11318 | D:12     | Noticed an unseen horror
 11334 | D:12     | Killed an unseen horror
 11334 | D:12     | Reached skill level 1 in Invocations
 11583 | D:12     | Noticed a two-headed ogre
 11593 | D:12     | Killed a two-headed ogre
 11593 | D:12     | Reached skill level 13 in Polearms
 11760 | D:12     | Noticed a deep elf mage
 11775 | D:12     | Killed a deep elf mage
 11775 | D:12     | Reached XP level 12. HP: 107/107 MP: 13/13
 11890 | D:13     | Noticed Frances
 11964 | Lair:1   | Entered Level 1 of the Lair of Beasts
 11987 | Lair:1   | Noticed a five-headed hydra
 11988 | Lair:1   | Noticed a four-headed hydra
 11998 | Lair:1   | Killed a five-headed hydra
 12006 | Lair:1   | Killed a four-headed hydra
 12302 | Lair:1   | Found a dark tunnel.
 12331 | Volcano  | Entered a volcano
 12385 | Volcano  | Reached ** piety under Beogh
 13964 | Lair:3   | Noticed a five-headed hydra
 13967 | Lair:3   | Reached skill level 5 in Invocations
 13971 | Lair:3   | Killed a five-headed hydra
 14204 | Lair:3   | Reached skill level 10 in Armour
 14263 | Lair:3   | Reached skill level 14 in Polearms
 15178 | Lair:3   | Found a staircase to the Snake Pit.
 15822 | Lair:4   | Reached XP level 13. HP: 52/116 MP: 17/17
 16083 | Lair:4   | Found a staircase to the Shoals.
 16165 | Lair:4   | Noticed Kirke
 16277 | Lair:5   | Got a brightly glowing halberd
 16278 | Lair:5   | Identified the +5 halberd "Killer Bee's Death" {pain, Fragile rN+ Str+3 SInv} (You found it on level 5 of the Lair of Beasts)
 16353 | Lair:5   | Reached *** piety under Beogh
 17005 | Lair:6   | Entered Level 6 of the Lair of Beasts
 17005 | Lair:6   | Found a staircase to the Slime Pits.
 17957 | Lair:6   | Reached skill level 15 in Polearms
 18926 | Lair:6   | Reached **** piety under Beogh
 20011 | Lair:6   | Got a heavily runed amber ring
 20014 | Lair:6   | Identified the ring "Mihua" {rCorr rF+ MR+ MP+9 Stlth-} (You found it on level 6 of the Lair of Beasts)
 20124 | Lair:4   | Reached XP level 14. HP: 88/127 MP: 20/20
 20862 | Lair:4   | Killed Kirke
 20862 | Lair:4   | Reached skill level 16 in Polearms
 21352 | D:13     | Noticed Maurice
 21371 | D:13     | Killed Maurice
 21887 | D:13     | Killed Frances
 21964 | D:13     | Found an ancient bone altar of Kikubaaqudgha.
 22814 | D:14     | Reached skill level 10 in Invocations
 22851 | D:14     | Reached ***** piety under Beogh
 22917 | D:14     | Gained Bogdar as an ally
 23507 | D:14     | Reached skill level 10 in Dodging
 23569 | D:14     | Found a gate to the Vaults.
 23632 | D:14     | Found a bloodstained altar of Trog.
 23772 | D:15     | Entered Level 15 of the Dungeon
 24070 | D:15     | Noticed a fire giant
 24070 | D:15     | Found a staircase to the Depths.
 24090 | D:15     | Killed a fire giant
 24495 | D:15     | Learned a level 3 spell: Regeneration
 24498 | D:15     | Learned a level 2 spell: Swiftness
 24501 | D:15     | Learned a level 2 spell: Passwall
 24508 | D:15     | Learned a level 6 spell: Deflect Missiles
 24533 | D:15     | Reached skill level 17 in Polearms
 24564 | D:15     | Reached XP level 15. HP: 62/136 MP: 23/23
 24887 | D:15     | Reached skill level 1 in Necromancy
 24973 | D:15     | Reached skill level 1 in Spellcasting
 24973 | D:15     | Reached skill level 1 in Charms
 25907 | Orc:2    | Entered Level 2 of the Orcish Mines
 26010 | Orc:2    | Found a flickering gateway to a bazaar.
 26016 | Bazaar   | Entered a bazaar
 26018 | Bazaar   | Found Hogip's Book Boutique.
 26022 | Bazaar   | Found Ilaok's Weapon Boutique.
 26022 | Bazaar   | Found Xaryocyo's Armour Boutique.
 26022 | Bazaar   | Found Kaluppes's Weapon Boutique.
 26033 | Bazaar   | Bought the +8 lance "Wyrmbane" {slay drac, rPois rF+ rC+ AC+3} for 1292 gold pieces
 26033 | Bazaar   | Found the +8 lance "Wyrmbane" {slay drac, rPois rF+ rC+ AC+3}
 26047 | Bazaar   | Bought a +2 pair of boots of running for 456 gold pieces
 26096 | Orc:2    | Found a roughly hewn altar of Beogh.
 26108 | Orc:2    | Gained Arbeogh as an ally
 26121 | Orc:2    | Found Rexut's Gadget Emporium.
 26144 | Orc:2    | Found Urusorag's Food Shop.
 26155 | Orc:2    | Your ally Arbeogh died
 26160 | Orc:2    | Gained Arbolt as an ally
 26170 | Orc:2    | Gained Olfrun as an ally
 26174 | Orc:2    | Gained Ortolf as an ally
 26183 | Orc:2    | Reached ****** piety under Beogh
 26528 | Orc:2    | Found a staircase to the Elven Halls.
 26764 | Orc:2    | Found Gusm's Magic Scroll Emporium.
 26764 | Orc:2    | Found Onat's General Store.
 26913 | Orc:1    | Gained Zartorak as an ally
 27732 | Snake:1  | Entered Level 1 of the Snake Pit
 28110 | Snake:1  | Got a jewelled falchion
 28114 | Snake:1  | Identified the +7 falchion of Light {slice, *Slow rN+ SInv} (You found it on level 1 of the Snake Pit)
 28136 | Snake:1  | Reached skill level 1 in Shields
 28487 | Snake:1  | Gained Nordag as an ally
 28539 | Snake:1  | Your ally Arbolt died
 28589 | Snake:1  | Found Toskud's Magic Scroll Shop.
 30102 | Snake:3  | Noticed Aizul
 30108 | Snake:3  | Killed Aizul
 30127 | Snake:3  | Noticed Vashnia
 30368 | Snake:3  | Killed Vashnia
 30368 | Snake:3  | Reached XP level 16. HP: 98/146 MP: 24/24
 30494 | Snake:3  | Noticed Roxanne
 30580 | Snake:3  | Noticed a nagaraja
 30592 | Snake:3  | Killed a nagaraja
 30668 | Snake:3  | Noticed a nagaraja
 30681 | Snake:3  | Killed a nagaraja
 30746 | Snake:3  | Noticed a nagaraja
 30756 | Snake:3  | Killed a nagaraja
 30932 | Snake:3  | Noticed Agnes
 30937 | Snake:3  | Killed Agnes
 31008 | Snake:3  | Found Hijetiepn's Assorted Antiques.
 31013 | Snake:3  | Found Qinla's Armour Shoppe.
 31016 | Snake:3  | Bought a pair of runed gloves for 187 gold pieces
 31623 | Snake:3  | Killed Roxanne
 31714 | Snake:4  | Entered Level 4 of the Snake Pit
 31746 | Snake:4  | Noticed Nikola
 31755 | Snake:4  | Killed Nikola
 31884 | Snake:4  | Noticed Jorgrun
 32251 | Snake:4  | Reached skill level 18 in Polearms
 32307 | Snake:4  | Noticed Asterion
 32317 | Snake:4  | Killed Asterion
 32404 | Snake:4  | Killed Jorgrun
 32405 | Snake:4  | Noticed a nagaraja
 32445 | Snake:4  | Your ally Zartorak died
 32487 | Snake:4  | Gained Brunolf as an ally
 32798 | Snake:4  | Noticed a nagaraja
 32807 | Snake:4  | Killed a nagaraja
 32807 | Snake:4  | Gained Alork as an ally
 32823 | Snake:4  | Noticed a nagaraja
 32831 | Snake:4  | Killed a nagaraja
 32836 | Snake:4  | Killed a nagaraja
 32838 | Snake:4  | Your ally Brunolf died
 32927 | Snake:4  | Noticed a nagaraja
 32930 | Snake:4  | Killed a nagaraja
 33064 | Snake:4  | Noticed a nagaraja
 33075 | Snake:4  | Killed a nagaraja
 33310 | Snake:4  | Noticed a nagaraja
 33321 | Snake:4  | Noticed a nagaraja
 33321 | Snake:4  | Killed a nagaraja
 33331 | Snake:4  | Killed a nagaraja
 33363 | Snake:4  | Got a serpentine rune of Zot
 33378 | Snake:4  | Reached skill level 5 in Necromancy
 33749 | Vaults:1 | Entered Level 1 of the Vaults
 33867 | Vaults:1 | Reached skill level 5 in Shields
 33872 | Vaults:1 | Reached XP level 17. HP: 117/154 MP: 26/26
 34015 | Vaults:1 | Learned a level 3 spell: Spectral Weapon
 34068 | Vaults:1 | Learned a level 5 spell: Borgnjor's Vile Clutch
 34071 | Vaults:1 | Learned a level 2 spell: Song of Slaying
 34169 | Vaults:1 | Found Kotzemi's Food Boutique.
 34481 | Vaults:1 | Reached skill level 1 in Hexes
 34503 | Vaults:1 | Got a slimy ruby amulet
 35398 | Vaults:1 | Found Zuokh's Gadget Shoppe.
 35794 | Vaults:2 | Reached skill level 5 in Charms
 35995 | Vaults:2 | Identified the amulet "Nethed" {+Rage Dex+5} (You took it off an orc knight on level 1 of the Vaults)
 36549 | Vaults:2 | Noticed a lich
 36558 | Vaults:2 | Killed a lich
 36612 | Vaults:2 | Found a staircase to the Crypt.
 36740 | Vaults:2 | Reached skill level 15 in Fighting
 37052 | Vaults:2 | Found Suwnuofi's Food Shop.
 37588 | Vaults:3 | Found Vessoan's Distillery.
 37593 | Vaults:3 | Bought a potion of might for 60 gold pieces
 37593 | Vaults:3 | Bought a potion of haste for 150 gold pieces
 37593 | Vaults:3 | Bought a potion of might for 60 gold pieces
 37593 | Vaults:3 | Bought 2 potions of haste for 300 gold pieces
 37593 | Vaults:3 | Bought a potion of resistance for 150 gold pieces
 37593 | Vaults:3 | Found Duduw's Armour Shop.
 37989 | Vaults:3 | Gained Worak as an ally
 38170 | Vaults:3 | Reached XP level 18. HP: 154/163 MP: 27/27
 38361 | Vaults:3 | Found Qike's Food Shoppe.
 38407 | Vaults:3 | Reached skill level 19 in Polearms
 38558 | Vaults:3 | Reached skill level 5 in Spellcasting
 39072 | Vaults:3 | Noticed Margery
 39081 | Vaults:3 | Found Taerieb's Antique Armour Emporium.
 39091 | Vaults:3 | Killed Margery
 39276 | Vaults:3 | Found Vuup's Food Emporium.
 39359 | Vaults:3 | Gained Warrok as an ally
 39640 | Vaults:3 | Your ally Warrok died
 40389 | Vaults:3 | Found the +9 staff of Wucad Mu {channel}
 40797 | Vaults:4 | Noticed a lich
 40809 | Vaults:4 | Killed a lich
 40994 | Vaults:4 | Gained Beowulf as an ally
 41270 | Vaults:4 | Gained Boruk as an ally
 41398 | Vaults:4 | Reached skill level 5 in Hexes
 41861 | Vaults:3 | Bought the -2 hat of the Alchemist {rElec rPois rF+ rC+ rN+ MR+ rMut rCorr} for 755 gold pieces
 41861 | Vaults:3 | Found the -2 hat of the Alchemist {rElec rPois rF+ rC+ rN+ MR+ rMut rCorr}
 41956 | Vaults:5 | Entered Level 5 of the Vaults
 42102 | Vaults:4 | Reached XP level 19. HP: 158/170 MP: 29/29
 42106 | Vaults:4 | Noticed Bai Suzhen
 42617 | Vaults:4 | Killed Bai Suzhen
 42737 | Vaults:4 | Noticed a lich
 42751 | Vaults:4 | Killed a lich
 43161 | Vaults:4 | Noticed a lich
 43169 | Vaults:4 | Killed a lich
 43170 | Vaults:4 | Found a radiant altar of Vehumet.
 43803 | Shoals:1 | Entered Level 1 of the Shoals
 44381 | Shoals:1 | Found a flickering gateway to a bazaar.
 44481 | Bazaar   | Entered a bazaar
 44482 | Bazaar   | Found Itojees's Book Emporium.
 44491 | Bazaar   | Found Cossos Evve's Weapon Boutique.
 44491 | Bazaar   | Found Jythu's Magic Scroll Boutique.
 44517 | Bazaar   | Bought a scroll of blinking for 60 gold pieces
 44517 | Bazaar   | Bought a scroll of teleportation for 24 gold pieces
 44517 | Bazaar   | Bought a scroll of teleportation for 24 gold pieces
 44518 | Bazaar   | Found Sisupiomn's Jewellery Shoppe.
 45350 | Shoals:2 | Got an iridescent demon trident
 45352 | Shoals:2 | Identified the +6 demon trident of Tiuror {vamp, *Drain rPois MR+ SInv} (You found it on level 2 of the Shoals)
 46012 | Shoals:3 | Reached skill level 20 in Polearms
 47083 | Shoals:4 | Entered Level 4 of the Shoals
 47105 | Shoals:4 | Noticed Ilsuiw
 47147 | Shoals:4 | Killed Ilsuiw
 48274 | Shoals:4 | Found Ehiak's Weapon Emporium.
 48968 | Shoals:4 | Reached XP level 20. HP: 134/178 MP: 30/30
 49169 | Shoals:4 | Got a barnacled rune of Zot
 49864 | Shoals:4 | Gained Nordag as an ally
 49953 | Shoals:4 | Your ally Nordag died
 50570 | Depths:1 | Entered Level 1 of the Depths
 50668 | Depths:1 | Noticed Sojobo
 51151 | D:15     | Killed Sojobo
 51732 | Depths:1 | Found a gateway to Hell.
 52162 | Depths:1 | Noticed a golden dragon
 52400 | D:15     | Killed a golden dragon
 53984 | Depths:2 | Noticed a caustic shrike
 54180 | Depths:2 | Reached XP level 21. HP: 100/187 MP: 32/32
 55058 | Depths:2 | Reached skill level 10 in Shields
 55101 | Depths:2 | Identified the +5 scale mail of Gozag's Scorn {Str-5 Int+8 Dex-5} (You found it on level 2 of the Depths)
 55304 | Depths:2 | Reached skill level 15 in Invocations
 55427 | Depths:2 | Noticed a golden dragon
 55469 | Depths:2 | Killed a golden dragon
 55508 | Depths:2 | Killed a caustic shrike
 55911 | Depths:2 | Gained Morun as an ally
 55955 | Depths:2 | Reached skill level 21 in Polearms
 56157 | Depths:2 | Found the ancient robe
 56293 | Depths:3 | Noticed Frederick
 57189 | Depths:2 | Killed Frederick
 57586 | Depths:3 | Reached skill level 10 in Necromancy
 58062 | Depths:3 | Reached XP level 22. HP: 189/195 MP: 33/33
 58707 | Depths:3 | Found a one-way gate to the infinite horrors of the Abyss.
 58709 | Depths:3 | Noticed Louise
 58719 | Depths:3 | Killed Louise
 58889 | Depths:3 | Found a one-way gate leading to the halls of Pandemonium.
 59481 | Depths:3 | Gained Borgoth as an ally
 59907 | Vaults:3 | Bought the +10 chain mail of the Kettle-Drum {Slay+2} for 1118 gold pieces
 60415 | Depths:4 | Found Maeleess's Antique Weapon Boutique.
 60929 | Depths:4 | Reached skill level 1 in Air Magic
 61255 | Depths:4 | Found a gateway to a ziggurat.
 61502 | Depths:4 | Found a runed door.
 61504 | Depths:4 | Noticed a juggernaut
 61857 | Depths:4 | Killed a juggernaut
 61880 | Depths:4 | Reached XP level 23. HP: 159/204 MP: 35/35
 61894 | Depths:4 | Got a smoking amber ring
 61903 | Depths:4 | Identified the ring of Lewo {*Corrode rPois rC+ MR+ Dex+3} (You took it off a deep elf elementalist on level 4 of the Depths)
 62104 | Depths:5 | Entered Level 5 of the Depths
 62162 | Depths:4 | Gained Orbeogh as an ally
 62282 | Depths:5 | Noticed a caustic shrike
 62283 | Depths:5 | Noticed a caustic shrike
 62283 | Depths:5 | Noticed a golden dragon
 62283 | Depths:5 | Noticed a caustic shrike
 62284 | Depths:5 | Noticed a caustic shrike
 62291 | Depths:5 | Noticed a caustic shrike
 62298 | Depths:4 | Killed a caustic shrike
 62370 | Depths:4 | Killed a caustic shrike
 62378 | Depths:4 | Killed a caustic shrike
 62385 | Depths:4 | Killed a caustic shrike
 62667 | Depths:5 | Gained Boderik as an ally
 62717 | Depths:5 | Reached skill level 22 in Polearms
 62841 | Depths:4 | Killed a golden dragon
 62941 | Depths:5 | Killed a caustic shrike
 62979 | Depths:5 | Reached skill level 15 in Armour
 62984 | Depths:5 | Noticed a caustic shrike
 62985 | Depths:5 | Noticed a caustic shrike
 62985 | Depths:5 | Noticed a caustic shrike
 62985 | Depths:5 | Noticed a caustic shrike
 62997 | Depths:4 | Killed a caustic shrike
 63008 | Depths:4 | Killed a caustic shrike
 63094 | Depths:4 | Killed a caustic shrike
 63105 | Depths:4 | Killed a caustic shrike
 63641 | Depths:5 | Found a gate to the Realm of Zot.
 64047 | Depths:4 | Voluntarily entered the Abyss.
 64422 | Abyss:3  | Found a corrupted altar of Lugonu.
 64580 | Abyss:3  | Reached XP level 24. HP: 163/214 MP: 18/36
 64586 | Abyss:3  | Got an abyssal rune of Zot
 64613 | Depths:4 | Escaped the Abyss
 64743 | Zot:1    | Entered Level 1 of the Realm of Zot
 66056 | Zot:1    | Gained Orgrim as an ally
 66056 | Zot:1    | Your ally Orgrim died
 66069 | Zot:1    | Reached skill level 10 in Spellcasting
 66900 | Zot:2    | Reached skill level 5 in Air Magic
 67115 | Zot:2    | Gained Hawl as an ally
 67115 | Zot:2    | Reached skill level 15 in Dodging
 67139 | Zot:2    | Reached XP level 25. HP: 221/222 MP: 37/37
 67153 | Zot:2    | Your ally Hawl died
 67317 | Zot:2    | Your ally Hawl died
 67885 | Zot:2    | Noticed an orb of fire
 67917 | Zot:2    | Killed an orb of fire
 67936 | Zot:2    | Reached skill level 10 in Charms
 68026 | Zot:2    | Noticed a Killer Klown
 68048 | Zot:2    | Killed a Killer Klown
 68070 | Zot:2    | Reached skill level 23 in Polearms
 68209 | Zot:3    | Gained Ogrik as an ally
 68616 | Zot:3    | Reached skill level 15 in Shields
 68751 | Zot:3    | Noticed a Killer Klown
 68774 | Zot:3    | Killed a Killer Klown
 69092 | Zot:3    | Noticed an ancient lich
 69101 | Zot:3    | Reached XP level 26. HP: 181/232 MP: 37/37
 69109 | Zot:3    | Killed an ancient lich
 69177 | Zot:3    | Found a stormy altar of Qazlal.
 69204 | Zot:3    | Learned a level 2 spell: Blink
 69778 | Orc:2    | Bought a scroll of acquirement for 624 gold pieces
 69814 | Orc:2    | Bought a ration for 55 gold pieces
 69814 | Orc:2    | Bought a ration for 55 gold pieces
 69814 | Orc:2    | Bought a ration for 55 gold pieces
 69814 | Orc:2    | Bought a ration for 55 gold pieces
 69814 | Orc:2    | Bought a ration for 55 gold pieces
 69814 | Orc:2    | Bought a ration for 55 gold pieces
 69814 | Orc:2    | Bought a ration for 55 gold pieces
 70443 | Zot:4    | Identified Sif Muna's Papyrus of Lethal Good Luck
 71065 | Zot:4    | Gained Bogbarth as an ally
 71068 | Zot:4    | Noticed a shard shrike
 71084 | Zot:4    | Killed a shard shrike
 71398 | Zot:4    | Noticed a shard shrike
 71407 | Zot:4    | Killed a shard shrike
 71518 | Zot:4    | Identified the +1 scale mail "Toip Kai" {rPois rF- Regen+ Int+8} (You found it on level 4 of the Realm of Zot)
 71634 | Zot:5    | Entered Level 5 of the Realm of Zot
 71667 | Zot:4    | Reached skill level 24 in Polearms
 72104 | Zot:5    | Noticed an orb of fire
 72105 | Zot:5    | Gained mutation: Scrolls take you a little longer to read. [an orb of fire]
 72120 | Zot:5    | Killed an orb of fire
 72152 | Zot:5    | Reached XP level 27. HP: 171/243 MP: 37/37
 72265 | Zot:5    | Noticed an ancient lich
 72301 | Zot:5    | Killed an ancient lich
 72314 | Zot:5    | Noticed an orb of fire
 72315 | Zot:5    | Noticed an ancient lich
 72320 | Zot:5    | Gained mutation: Scrolls take you longer to read. [an orb of fire]
 72337 | Zot:5    | Killed an orb of fire
 72338 | Zot:5    | Lost mutation: Scrolls take you longer to read. [potion of mutation]
 72338 | Zot:5    | Lost mutation: Scrolls take you a little longer to read. [potion of mutation]
 72346 | Zot:5    | Killed an ancient lich
 72443 | Zot:5    | Noticed an ancient lich
 72458 | Zot:5    | Killed an ancient lich
 72666 | Zot:5    | Noticed an orb of fire
 72689 | Zot:5    | Gained mutation: Scrolls take you a little longer to read. [an orb of fire]
 72695 | Zot:5    | Gained mutation: Your magical capacity is low. (-10% MP) [an orb of fire]
 72698 | Zot:5    | Killed an orb of fire
 72717 | Zot:5    | Lost mutation: Your magical capacity is low. (-10% MP) [potion of mutation]
 72717 | Zot:5    | Lost mutation: Scrolls take you a little longer to read. [potion of mutation]
 72717 | Zot:5    | Gained mutation: You possess an exceptional clarity of mind. [potion of mutation]
 72717 | Zot:5    | Gained mutation: Your system is resistant to poisons. (rPois) [potion of mutation]
 72717 | Zot:5    | Gained mutation: You have large cloven feet. [potion of mutation]
 72804 | Zot:5    | Noticed an ancient lich
 72825 | Zot:5    | Killed an ancient lich
 73148 | Zot:5    | Noticed an orb of fire
 73165 | Zot:5    | Killed an orb of fire
 73165 | Zot:5    | Reached skill level 25 in Polearms
 73174 | Zot:5    | Noticed an orb of fire
 73192 | Zot:5    | Killed an orb of fire
 73263 | Zot:5    | Noticed an orb of fire
 73267 | Zot:5    | Gained mutation: You are weak. (Str -2) [an orb of fire]
 73284 | Zot:5    | Killed an orb of fire
 73290 | Zot:5    | Noticed an orb of fire
 73303 | Zot:5    | Gained mutation: You are frail. (-10% HP) [an orb of fire]
 73309 | Zot:5    | Your ally Alork died
 73311 | Zot:5    | Your ally Bogbarth died
 73315 | Zot:5    | Killed an orb of fire
 73319 | Zot:5    | Your ally Bogdar died
 73831 | Zot:5    | Reached skill level 10 in Air Magic
 73874 | Zot:5    | Got the Orb of Zot
 74093 | Zot:1    | Noticed Wuozot the pandemonium lord
 74103 | Zot:1    | Killed Wuozot the pandemonium lord
 74103 | Zot:1    | Reached skill level 26 in Polearms
 74154 | Depths:4 | Noticed Moiwing the pandemonium lord
 74561 | D:4      | Noticed Ritosuf the pandemonium lord
 74682 | D:$      | Escaped with the Orb!

Skill      XL: |  1  2  3  4  5  6  7  8  9 10 11 12 13 14 15 16 17 18 19 20 21 22 23 24 25 26 27 |
---------------+----------------------------------------------------------------------------------+-----
Armour         | 1 2 3 4 5 6 7 9 10 11 12 13 14 15 16 17 18 | 18.0
Fighting       | 3 4 5 6 8 9 10 11 12 13 14 15 16 17 18 19 20 | 20.0
Polearms       | 4 5 6 8 10 11 13 14 15 17 18 19 20 21 22 23 24 26 | 26.0
Dodging        | 3 4 5 6 7 8 9 10 11 12 13 14 15 16 | 16.0
Invocations    | 2 6 8 10 11 12 13 14 15 16 17 18 | 18.6
Necromancy     | 3 5 6 7 8 9 10 | 10.0
Spellcasting   | 2 3 4 5 6 7 8 9 10 | 10.0
Charms         | 3 4 5 6 7 8 9 10 11 12 | 12.0
Shields        | 3 5 6 7 9 10 12 13 14 15 | 15.0
Hexes          | 3 5 6 7 8 |  8.0
Air Magic      | 2 3 5 6 8 10 | 10.0
Throwing       | |  1.7

Action                   |  1- 3 |  4- 6 |  7- 9 | 10-12 | 13-15 | 16-18 | 19-21 | 22-24 | 25-27 || total
-------------------------+-------+-------+-------+-------+-------+-------+-------+-------+-------++-------
Melee: Trident           |   109 |   234 |   502 |   906 |  1007 |       |       |       |       ||  2758
       Glaive            |       |       |       |       |    77 |       |       |       |       ||    77
       Halberd           |       |       |       |       |     9 |       |       |       |       ||     9
       Lance             |       |       |       |       |   372 |  1345 |  2287 |  1453 |  1190 ||  6647
 Cast: Regeneration      |       |       |       |       |       |       |    46 |    69 |    89 ||   204
       Spectral Weapon   |       |       |       |       |       |       |    74 |    66 |    77 ||   217
       Song of Slaying   |       |       |       |       |       |       |       |     1 |     1 ||     2
       Deflect Missiles  |       |       |       |       |       |       |       |       |     6 ||     6
       Swiftness         |       |       |       |       |       |       |       |       |     1 ||     1
Invok: Convert to Beogh  |       |       |       |     1 |       |       |       |       |       ||     1
       Recall Orcish Fol |       |       |       |       |    11 |    23 |     1 |     1 |     3 ||    39
       Give Item to Name |       |       |       |       |     5 |     5 |       |     3 |     3 ||    16
       Resurrection      |       |       |       |       |       |     3 |       |       |     3 ||     6
       Smiting           |       |       |       |       |       |       |     5 |     1 |       ||     6
 Abil: Evoke Berserk Rag |       |     1 |     5 |    13 |    19 |       |     1 |       |       ||    39
Evoke: Wand              |       |       |       |     6 |    26 |    12 |     2 |     3 |    12 ||    61
  Use: Scroll            |     1 |    14 |    10 |    15 |     8 |     9 |    11 |     7 |    12 ||    87
       Potion            |       |       |       |     5 |     6 |     5 |     6 |     3 |    23 ||    48
 Stab: Distracted        |       |       |     1 |       |    12 |     9 |    26 |    14 |    15 ||    77
       Paralysed         |       |       |       |     2 |     3 |       |       |       |       ||     5
       Confused          |       |       |       |       |       |       |     1 |       |       ||     1
  Eat: Chunk             |       |     9 |    18 |    22 |    16 |     7 |    13 |     4 |       ||    89
       Ration            |       |       |       |     6 |    14 |     9 |    16 |    13 |    13 ||    71
Armor: Scale mail        |    15 |       |       |       |       |       |       |       |       ||    15
       Chain mail        |    34 |   113 |   338 |   479 |   557 |   341 |   625 |   373 |   251 ||  3111
Dodge: Dodged            |    38 |    77 |   229 |   360 |   592 |   280 |   712 |   509 |   311 ||  3108
       Deflected         |       |       |       |       |       |       |       |       |    19 ||    19
Block: Shield            |       |       |       |       |    54 |   334 |   931 |   666 |   398 ||  2383
       Buckler           |       |       |       |       |    11 |       |       |       |       ||    11
